 Dungeon Crawl Stone Soup version 0.29-a0-468-ge57f7f99b4 (webtiles) character file.

Game seed: 17574677904983401418

111 xian the Conjurer (level 4, -8/33 HPs)
             Began as a Draconian Conjurer on May 21, 2022.
             Shot with an arrow by a centaur (14 damage)
             ... on level 3 of the Dungeon.
             The game lasted 00:05:45 (2711 turns).

xian the Conjurer (Draconian Conjurer)              Turns: 2711, Time: 00:05:46

Health: -8/33      AC:  5    Str:  9    XL:     4   Next: 62%
Magic:  5/7        EV: 11    Int: 20    God:
Gold:   147        SH:  3    Dex: 10    Spells: 5/8 levels left

rFire   . . .      SeeInvis .   e - +0 dagger
rCold   . . .      Faith    .   i - +0 buckler
rNeg    . . .      Spirit   .   (body armour unavailable)
rPois   .          Reflect  .   (helmet restricted)
rElec   .          Harm     .   (no cloak)
rCorr   .          Rampage  .   (no gloves)
Will    .....                   (no boots)
Stlth   ++........              (no amulet)
HPRegen 0.11/turn               k - ring of wizardry
MPRegen 0.10/turn               (no ring)

@: no status effects
A: AC +5, unfitting armour, cold-blooded
a: no special abilities


You were on level 3 of the Dungeon.
You visited 1 branch of the dungeon, and saw 3 of its levels.

You collected 147 gold pieces.

Inventory:

Hand Weapons
 e - a +0 dagger (weapon)
Armour
 i - a +0 buckler (worn)
Jewellery
 k - a ring of wizardry (left hand)
Scrolls
 f - 3 scrolls of identify {unknown}
 g - a scroll of enchant armour {unknown}
 h - a scroll of brand weapon {unknown}
 l - a scroll of immolation {unknown}
 m - a scroll of fear {unknown}
 n - a scroll of teleportation {unknown}
Potions
 a - a potion of magic
 b - a potion of curing {unknown}
 c - 2 potions of lignification {unknown}
 d - 2 potions of might {unknown}
 j - a potion of heal wounds {unknown}


   Skills:
 + Level 2.0 Dodging
 + Level 2.1 Stealth
 + Level 2.6 Spellcasting
 + Level 5.5 Conjurations


You had 5 spell levels left.
You knew the following spells:

 Your Spells              Type           Power      Damage    Failure   Level
a - Magic Dart            Conj           96%        1d7       1%          1
b - Searing Ray           Conj           48%        2d6       1%          2

Your spell library contained the following spells:

 Spells                   Type           Power      Damage    Failure   Level
 Dazzling Flash           Conj/Hex       26%        N/A       9%          3
 Fulminant Prism          Conj/Hex       6%         3d7       26%         4
 Iskenderun's Mystic Bla  Conj/Tloc      13%        2d5       26%         4


Dungeon Overview and Level Annotations

Branches:
Dungeon (3/15)

Altars:

Shops:
D:1 *?[


Innate Abilities, Weirdness & Mutations

Your plain brown scales are hard. (AC +5)
You cannot fit into any form of body armour.
You are cold-blooded and may be slowed by cold attacks.


Message History

a +0 morningstar; a +0 chain mail You start resting.
Magic restored.
You start resting.
HP restored.
Done exploring.
Things that are here:
a +0 morningstar; a +0 chain mail
There is a stone staircase leading down, spattered with blood here.
You climb downwards.
There is a stone staircase leading up here.
Things that are here:
a stone; a +0 club; a kobold corpse A quokka comes into view.
The magic dart hits the quokka but does no damage.
The magic dart hits the quokka but does no damage.
The magic dart hits the quokka.
The quokka is almost dead.
The magic dart hits the quokka!
You kill the quokka!
You can't see any susceptible monsters within range! (Use Z to cast anyway.) Magic restored.
You now have 147 gold pieces (gained 3).
A centaur comes into view.
The centaur shouts!
The centaur wields a +0 shortbow.
The centaur shoots an arrow.
The arrow hits you!
The centaur shoots an arrow.
The arrow hits you!
The centaur shoots an arrow.
The arrow hits you!
* * * LOW HITPOINT WARNING * * *
Casting: Magic Dart (safe; 1% risk of failure)
Confirm with . or Enter, or press ? or * to list all spells.
Aiming: Searing Ray (safe; 1% risk of failure)
Press: ? - help, Shift-Dir - straight line, f - centaur
Aim: a centaur, wielding a +0 shortbow (87% to hit)
The searing ray hits the centaur.
The centaur is moderately wounded. (Press . to maintain the ray.)
The centaur shoots an arrow.
The arrow hits you!
You die...

##.#....#########....
#..##..
...................#
#.....#
##......(.....###..###
##.#### #............#
.....# #.....
#............###..##.#
######
#....................##
##.#.##.#####..........
#.#.##.# #........#
#.#. #.# #.#@!.##.# ..
..# #.(..!..# #.....###
#....c# #.....# #.....#
#######


You could see a centaur.

Vanquished Creatures
  Terence (D:2)
  3 adders
  3 worms (D:3)
  A dart slug (D:1)
  6 ball pythons
  4 bats
  4 endoplasms
  7 goblins
  4 hobgoblins
  2 quokkas
  A frilled lizard (D:2)
  4 kobolds
  7 rats
47 creatures vanquished.

Notes
Turn   | Place    | Note
-------+----------+-------------------------------------------
     0 | D:1      | xian the Draconian Conjurer began the quest for the Orb.
     0 | D:1      | Reached XP level 1. HP: 14/14 MP: 3/3
    81 | D:1      | Found Fumoh's Antique Armour Shoppe.
   124 | D:1      | Found Mywuatwe's Magic Scroll Emporium.
   206 | D:1      | Found Haihoisafa's Assorted Antiques.
   256 | D:1      | Reached XP level 2. HP: 17/20 MP: 1/5
  1141 | D:2      | Reached skill level 5 in Conjurations
  1141 | D:2      | Reached XP level 3. HP: 15/26 MP: 0/6
  1198 | D:2      | Learned a level 2 spell: Searing Ray
  1485 | D:2      | You fall into a shaft and drop 1 floor!
  1958 | D:2      | Reached XP level 4. HP: 33/33 MP: 4/7
  2463 | D:3      | Noticed Terence
  2485 | D:2      | Killed Terence
  2707 | D:3      | Noticed a centaur
  2711 | D:3      | Shot with an arrow by a centaur

Illustrated notes

Levels and vault maps discovered:
D:1:      dpeg_arrival_short_road, layout_basic, serial_shops,
          nicolae_shop_advertising_works [nicolae_subvault_shop_adworks], shop,
          nicolae_shop_statue_plus
D:2:      minmay_chambers_of_ones, layout_basic
D:3:      layout_loops_cross, uniq_terence

Skill      XL: |  1  2  3  4 |
---------------+-------------+-----
Conjurations   | 5 |  5.5
Stealth        | 2 |  2.1
Dodging        | 2 |  2.0
Spellcasting   | |  2.6

Action                   |  1- 3 |  4- 6 || total
-------------------------+-------+-------++-------
Melee: Unarmed           |     3 |       ||     3
       Tailslap          |     2 |       ||     2
       Dagger            |     4 |       ||     4
 Cast: Magic Dart        |    86 |    24 ||   110
       Searing Ray       |       |     2 ||     2
  Use: Potion            |       |     1 ||     1
Armor: Skin              |     6 |     1 ||     7
Dodge: Dodged            |    18 |     7 ||    25

Table legend: (Time is in decaauts)
 A = Elapsed time spent in this place.
 B = Non-inter-level travel time spent in this place.
 C = Inter-level travel time spent in this place.
 D = Time resting spent in this place.
 E = Time spent auto-exploring this place.
 F = Levels seen in this place.
 G = Mean time per level.
                   A        B        C        D        E       F      G
               +--------+--------+--------+--------+--------+-----+--------+
         Total |   2711 |   2683 |     28 |    260 |   2087 |   3 |  903.7 |
       Dungeon |   2711 |   2683 |     28 |    260 |   2087 |   3 |  903.7 |
               +--------+--------+--------+--------+--------+-----+--------+

Top non-repeatable levels by time:
     D:2: 1104 daAuts
     D:1: 1020 daAuts
     D:3: 586 daAuts
